Map: Lockdown LE

Players

A.I. 1 (Elite)

  • Race: Zerg Zerg
  • Spawn Location: 7:00

GhostRobo - Winner!

  • Race: Terran Terran
  • League: Silver
  • Spawn Location: 1:00

VOD

Have the link to the VOD?

Description

Time

  • Played on: July 7, 2026, 7:02 a.m.
  • Length: 11:32
Show
View Real Time Build Order
Export as new Build Order

A.I. 1 (Elite) Zerg 

Build Orders: Hatch First 

Get SALT Encoding   

  8  0:00  Drone  
  9  0:10  Drone  
  10  0:16  Drone  
  11  0:21  Drone  
  12  0:33  Overlord  
  12  0:51  Drone x3  
  15  1:01  Drone  
  16  1:11  Drone  
  17  1:20  Hatchery  
  17  1:23  Drone  
  17  1:40  Spawning Pool  
  17  1:42  Drone  
  17  1:46  Extractor  
  16  1:48  Drone  
  16  1:52  Drone  
  18  2:00  Drone  
  19  2:10  Overlord  
  19  2:20  Extractor, Drone  
  19  2:27  Queen  
  21  2:30  Zergling x2  
  21  2:32  Drone  
  23  2:48  Queen  
  25  2:52  Drone  
  25  2:56  Drone  
  27  2:59  Drone  
  27  3:03  Drone  
  29  3:16  Roach Warren  
  29  3:18  Drone  
  29  3:21  Drone  
  29  3:25  Zergling x2  
  31  3:27  Zergling x2  
  32  3:35  Overlord  
  32  3:53  Drone x2  
  34  3:57  Roach x3  
  40  4:05  Lair  
  40  4:10  Overlord  
  40  4:15  Overlord  
  40  4:28  Zergling x6, Roach, Drone  
  40  4:29  Drone  
  47  4:31  Drone  
  47  4:34  Drone  
  47  4:36  Drone  
  50  4:40  Roach  
  50  4:44  Roach  
  54  4:48  Overlord  
  54  4:56  Drone  
  54  4:58  Drone  
  56  5:05  Infestation Pit  
  55  5:08  Hydralisk Den  
  55  5:09  Drone  
  55  5:12  Overlord  
  55  5:14  Drone  
  55  5:16  Drone  
  55  5:18  Drone  
  55  5:20  Drone  
  59  5:22  Drone  
  59  5:25  Drone  
  59  5:26  Drone  
  62  5:30  Drone  
  62  5:31  Overlord  
  62  5:33  Drone  
  64  5:36  Drone  
  64  5:37  Hydralisk  
  64  5:38  Drone  
  64  5:40  Hydralisk  
  70  5:43  Drone  
  70  5:44  Drone  
  70  5:49  Infestor, Drone  
  75  5:52  Overlord  
  75  5:55  Drone  
  76  6:01  Drone  
  76  6:02  Roach  
  79  6:10  Infestor, Overlord, Roach  
  83  6:13  Roach  
  83  6:14  Roach  
  83  6:18  Metabolic Boost  
  87  6:20  Extractor, Drone  
  87  6:22  Evolution Chamber, Drone  
  86  6:29  Hatchery  
  86  6:31  Drone  
  82  6:33  Zergling x2  
  82  6:37  Zergling x2  
  83  6:42  Drone x2  
  83  6:43  Evolution Chamber  
  83  6:44  Drone  
  83  6:46  Overlord  
  85  6:48  Drone  
  85  6:49  Zerg Melee Weapons Level 1  
  86  6:59  Extractor  
  84  7:01  Drone  
  84  7:03  Drone  
  84  7:05  Ravager  
  84  7:07  Roach  
  86  7:08  Zerg Missile Weapons Level 1  
  86  7:09  Drone  
  86  7:12  Overseer  
  86  7:13  Zergling x2  
  86  7:14  Zergling x2  
  84  7:19  Hydralisk  
  84  7:22  Drone  
  82  7:23  Drone x2  
  82  7:24  Hydralisk  
  75  7:39  Infestor  
  75  7:40  Spine Crawler  
  75  7:41  Drone  
  75  7:42  Drone x3, Roach  
  80  7:46  Extractor  
  80  7:48  Hydralisk, Drone  
  80  7:49  Drone x2  
  80  7:50  Drone  
  79  7:51  Extractor  
  79  7:53  Roach  
  77  7:59  Zergling x2  
  77  8:01  Roach  
  77  8:03  Roach  
  76  8:08  Zergling x2  
  76  8:10  Roach  
  78  8:13  Roach, Spine Crawler  
  78  8:18  Queen, Drone  
  78  8:19  Infestor, Drone  
  80  8:20  Roach, Drone  
  80  8:23  Drone  
  76  8:28  Drone  
  76  8:30  Drone  
  76  8:33  Drone  
  77  8:38  Zergling x2  
  77  8:40  Zergling x2  
  77  8:43  Drone, Zerg Ground Armor Level 1  
  77  8:48  Queen, Roach  
  76  8:50  Roach, Pneumatized Carapace  
  76  8:51  Hydralisk  
  76  8:52  Drone, Roach, Spore Crawler  
  76  8:53  Spore Crawler  
  76  8:54  Hydralisk  
  76  8:55  Burrow  
  85  8:58  Drone  
  85  9:00  Drone  
  82  9:04  Zergling x2  
  82  9:08  Roach  
  78  9:10  Roach  
  78  9:14  Zergling x2  
  75  9:18  Roach  
  75  9:20  Roach  
  75  9:22  Hydralisk  
  75  9:23  Infestor, Drone  
  80  9:25  Roach  
  80  9:27  Drone  
  75  9:31  Hydralisk  
  75  9:34  Drone  
  75  9:35  Drone  
  75  9:36  Lurker Den  
  70  9:38  Zergling x2  
  70  9:41  Roach  
  70  9:43  Zergling x2  
  65  9:47  Roach  
  65  9:52  Roach  
  62  9:55  Roach  
  62  9:58  Hydralisk  
  59  10:01  Roach  
  59  10:03  Roach  
  46  10:07  Zergling x2  
  46  10:13  Roach  
  43  10:21  Zergling x2  
  37  10:27  Hydralisk  
  37  10:28  Drone x4  
  31  10:42  Drone  
  20  10:49  Drone  
  20  10:51  Drone  
  16  11:08  Drone  
  16  11:09  Drone x2  
  14  11:12  Drone  
  15  11:19  Drone  
Show
View Real Time Build Order
Export as new Build Order

GhostRobo Terran - Winner!

Build Orders: Reaper Expand 

Get SALT Encoding   

  8  0:00  SCV  
  9  0:12  SCV  
  10  0:24  SCV  
  11  0:29  Supply Depot  
  11  0:36  SCV  
  12  0:53  Barracks  
  12  0:58  Refinery  
  12  1:01  SCV  
  13  1:13  SCV  
  14  1:25  SCV  
  15  1:42  Orbital Command  
  15  1:43  Reaper  
  16  2:09  Command Center  
  16  2:14  SCV  
  17  2:20  Marine  
  18  2:26  SCV  
  18  2:29  Supply Depot  
  19  2:38  SCV  
  20  2:45  Barracks Reactor  
  20  2:50  SCV  
  21  3:02  SCV  
  22  3:06  Factory  
  22  3:11  Refinery  
  22  3:15  SCV  
  23  3:27  SCV  
  25  3:29  Orbital Command  
  24  3:34  Supply Depot  
  24  3:39  SCV  
  25  3:51  SCV  
  25  3:55  Starport  
  26  3:57  SCV  
  27  4:03  SCV  
  27  4:04  Supply Depot  
  27  4:07  Marine  
  29  4:11  Hellion x2  
  33  4:27  SCV x2  
  35  4:36  Hellion x2  
  39  4:39  SCV x2  
  41  4:48  Starport Tech Lab  
  41  4:51  SCV x2  
  43  4:56  Fusion Core  
  43  4:57  Supply Depot  
  43  5:03  SCV x2  
  43  5:05  Hellion x2  
  52  5:15  SCV x2  
  54  5:26  Command Center  
  54  5:27  SCV x2  
  54  5:28  Hellion x2  
  58  5:39  SCV  
  58  5:41  SCV  
  60  5:47  Battlecruiser  
  63  5:51  SCV  
  63  5:54  SCV  
  63  5:56  Supply Depot  
  65  5:58  Refinery  
  65  6:03  SCV  
  66  6:11  Factory  
  66  6:13  Factory  
  66  6:18  SCV x2, Hellion x2  
  72  6:20  Supply Depot  
  72  6:30  SCV x2  
  72  6:31  Refinery  
  65  6:42  SCV x2  
  61  6:50  Hellion x2  
  65  6:54  SCV  
  65  6:58  Factory Reactor, Factory Tech Lab  
  65  6:59  SCV  
  68  7:06  SCV  
  68  7:11  SCV  
  68  7:12  Viking  
  71  7:18  Supply Depot  
  71  7:23  SCV x3  
  71  7:26  Cyclone  
  71  7:27  Supply Depot  
  77  7:30  Hellion  
  77  7:31  Hellion  
  77  7:33  Mag-Field Accelerator  
  81  7:37  Armory  
  81  7:39  Orbital Command  
  81  7:42  Supply Depot  
  81  7:44  Battlecruiser  
  87  7:49  Hellion x2  
  91  7:52  Hellion x2  
  91  7:55  SCV  
  91  7:56  SCV  
  97  7:58  Cyclone  
  97  8:01  Orbital Command  
  97  8:04  Weapon Refit  
  100  8:08  SCV x2  
  102  8:16  Hellion x3  
  108  8:20  SCV x2  
  108  8:21  Supply Depot  
  108  8:22  Supply Depot  
  110  8:30  Cyclone  
  113  8:40  SCV  
  113  8:41  SCV x2  
  116  8:47  Hellion x4  
  124  8:49  Terran Vehicle Weapons Level 1  
  124  8:53  SCV  
  125  8:58  SCV x2, Refinery  
  125  8:59  Refinery  
  130  9:02  Cyclone  
  130  9:05  SCV  
  130  9:08  Hellion x2  
  135  9:10  Factory  
  135  9:15  Factory  
  135  9:18  Supply Depot  
  135  9:20  Infernal Pre-Igniter  
  135  9:21  Supply Depot  
  135  9:22  Supply Depot  
  135  9:40  SCV x3, Cyclone, Hellion  
  135  9:43  Hellion x3  
  135  9:44  Battlecruiser  
  155  9:52  SCV  
  150  10:04  Hellion  
  152  10:12  Cyclone  
  155  10:17  Factory Tech Lab  
  155  10:19  Factory Reactor  
  155  10:21  SCV x3  
  154  10:33  SCV x3  
  157  10:38  Supply Depot x2  
  157  10:40  Supply Depot  
  151  10:44  Cyclone  
  151  10:45  SCV x3  
  153  10:57  SCV x3  
  156  11:09  SCV x3  
Tags
 
Add a new tag
Caveats
  • Supply blocks, unpowered buildings, or Contaminate may cause inaccurate times.
  • Supply counts are checked every 10 seconds.